 Dungeon Crawl Stone Soup version 0.22.0-38-g04b72b8 (webtiles) character file.

2780 Lavandula the Cleaver (level 9, -15/69 HPs)
             Began as a Centaur Berserker on Aug 28, 2018.
             Was a Priest of Trog.
             Killed from afar by a quicksilver dragon (27 damage)
             ... with a bolt of dispelling energy
             ... on level 3 of the Abyss.
             The game lasted 00:18:27 (2641 turns).

Lavandula the Cleaver (Centaur Berserker)           Turns: 2641, Time: 00:18:28

Health: -15/69     AC:  7    Str: 27    XL:     9   Next: 43%
Magic:  18/18      EV: 11    Int:  6    God:    Trog [***...]
Gold:   42         SH:  0    Dex:  9    Spells: 8/8 levels left

rFire    . . .     SeeInvis .   l - +0 war axe
rCold    . . .     Gourm    .   (no shield)
rNeg     . . .     Faith    .   t - +2 leather armour {rPois}
rPois    +         Spirit   .   (no helmet)
rElec    .         Reflect  .   (no cloak)
rCorr    .         Harm     +   (no gloves)
MR       .....                  (no barding)
Stlth    ..........             s - amulet of harm
HPRegen  0.21/turn              m - +4 ring of strength
MPRegen  0.16/turn              y - ring of magical power

@: very quick
A: large, hooves 3, deformed body, speed 2, tough skin 3
a: Berserk, Trog's Hand, Renounce Religion


You were on level 3 of the Abyss.
You worshipped Trog.
Trog was most pleased with you.
You were very hungry.

You visited 1 branch of the dungeon, and saw 7 of its levels.
You visited the Abyss 1 time.
You also visited: Ossuary.

You collected 162 gold pieces.
You spent 120 gold pieces at shops.

Inventory:

Hand Weapons
 a - a +0 hand axe
 d - a +2 dire flail of protection
 j - a +2 battleaxe
 l - a +0 war axe (weapon)
 v - a +1 whip of freezing
 w - the +4 long sword "Lovveuph" {venom, rF- rC+ rN+ MR++}
   (You found it on level 6 of the Dungeon)

   It poisons the flesh of those it strikes.
   It makes you vulnerable to fire.
   It protects you from cold.
   It protects you from negative energy.
   It affects your resistance to hostile enchantments.
Missiles
 e - 140 stones (quivered)
 u - 5 poisoned tomahawks
Armour
 b - a +0 animal skin
 q - a +0 chain mail
 r - a +0 ring mail
 t - a +2 leather armour of poison resistance (worn)
 D - a +0 buckler
 E - a +0 ring mail of fire resistance
Jewellery
 m - a +4 ring of strength (left hand)
 s - an amulet of harm (around neck)
 y - a ring of magical power (right hand)
Wands
 p - a wand of enslavement (33)
 B - a wand of random effects (35)
Scrolls
 f - a scroll of enchant armour
 g - 5 scrolls of remove curse
 i - 4 scrolls of teleportation
 o - 4 scrolls of enchant weapon
Potions
 h - 2 potions of curing
 k - a potion of berserk rage
 n - 2 potions of haste
 x - 2 potions of might
 z - a potion of magic {unknown}
 A - a potion of ambrosia {unknown}
 C - a potion of heal wounds
 F - a potion of resistance {unknown}
Comestibles
 c - 9 rations
 G - a chunk of flesh


   Skills:
 - Level 3.0 Fighting
 + Level 9.2 Axes
 - Level 4.2 Throwing
 - Level 4.2 Armour
 - Level 4.5 Dodging


You had 8 spell levels left.
You didn't know any spells.
Your spell library was empty.

Dungeon Overview and Level Annotations

Branches:
Dungeon (7/15)
 Temple: D:4-7

Altars:
Ashenzari
Nemelex Xobeh
Uskayaw

Shops:
D:6 !![}!

Annotations:
D:7 1 transporter, p0werm0de's ghost, novice VSSu


Innate Abilities, Weirdness & Mutations

You have hooves in place of feet.
Armour fits poorly on your strangely shaped body.
You cover ground very quickly.
You have extremely tough skin. (AC +3)


Message History

You cannot set exclusions on this level.
You cannot set exclusions on this level.
The quicksilver dragon breathes dispelling energy at you.
The bolt of dispelling energy hits you!
Ouch! That really hurt!
* * * LOW HITPOINT WARNING * * *
You feel yourself speed up.
Okay, then.
Okay, then.
You feel much better.
The quicksilver dragon breathes dispelling energy at you.
The bolt of dispelling energy hits you!
Your magical effects are unravelling.
* * * LOW HITPOINT WARNING * * *
You feel yourself slow down.
You recover from your berserk rage.
Found a scroll labeled EKILIS WALAA.
The quicksilver dragon breathes dispelling energy at you.
The bolt of dispelling energy hits you!
You die...

...#.. .#.# ###..#.#.
#.# ≈ #.#..... # ♣≈
#.#...#####.# ≈≈
#..#.....##.# #.
##..D...#.# .# #
..#..#...#...#.##.#.#
#.......##D........#
. ..###.#@#..#......
.≈... .#....##.....
....##..#
#..#..#..#..........
#.#...#............ #
. .......###.
#.#..#####
.#.....###...#.#...#
.....#.D.....#..#.##
#.#.....#.. ....###
........######..#


You could see a quicksilver dragon.

Vanquished Creatures
  Pikel (D:4)
  Grinder (D:3)
  A wraith (Ossuary)
  Eustachio (D:5)
  Edmund (D:4)
  Menkaure (D:4)
  An orc warrior (D:6)
  A slave (D:4)
  An ice beast (D:6)
  A centaur (D:6)
  A bullfrog (D:6)
  A scorpion (D:6)
  9 wights
  2 howler monkeys
  2 crimson imps (D:6)
  A jelly (D:5)
  3 orc priests
  A centaur skeleton (D:6)
  2 hounds
  8 orc wizards
  Ijyb (D:3)
  An iguana (D:4)
  Natasha (D:4)
  2 worker ants
  A hound zombie (D:6)
  A hound skeleton (D:7)
  2 adders
  2 oozes
  2 adder zombies (Ossuary)
  4 worms
  A dart slug (D:1)
  A leopard gecko (D:5)
  16 orcs
  5 goblins
  2 hobgoblins (D:1)
  10 jackals
  A ball python skeleton (Ossuary)
  7 bats
  A hobgoblin skeleton (Ossuary)
  2 hobgoblin zombies (Ossuary)
  4 kobolds
  A kobold zombie (Ossuary)
  A leopard gecko skeleton (D:4)
  An orc skeleton (Ossuary)
  2 orc zombies (Ossuary)
  A rat (D:2)
113 creatures vanquished.

Notes
Turn   | Place    | Note
-------+----------+-------------------------------------------
     0 | D:1      | Lavandula the Centaur Berserker began the quest for the Orb.
     0 | D:1      | Reached XP level 1. HP: 19/19 MP: 1/1
    69 | D:1      | Reached skill level 3 in Axes
   138 | D:1      | Reached XP level 2. HP: 15/26 MP: 2/2
   417 | D:3      | Reached skill level 1 in Throwing
   420 | D:3      | Reached XP level 3. HP: 25/31 MP: 3/3
   608 | D:3      | Noticed Ijyb
   684 | D:3      | Killed Ijyb
   729 | D:3      | Reached XP level 4. HP: 12/38 MP: 4/4
   730 | D:3      | Reached ** piety under Trog
   864 | D:4      | Noticed Menkaure
   867 | D:4      | Reached XP level 5. HP: 35/45 MP: 5/5
   868 | D:4      | Killed Menkaure
   868 | D:4      | Reached skill level 4 in Axes
   870 | D:4      | Reached skill level 5 in Axes
   870 | D:4      | Reached XP level 6. HP: 39/51 MP: 6/6
  1002 | D:3      | Noticed Grinder
  1003 | D:3      | Paralysed by Grinder for 3 turns
  1010 | D:3      | Killed Grinder
  1010 | D:3      | Reached skill level 6 in Axes
  1096 | D:4      | Noticed Edmund
  1104 | D:4      | Killed Edmund
  1104 | D:4      | Reached XP level 7. HP: 57/57 MP: 7/7
  1180 | D:4      | Reached skill level 7 in Axes
  1183 | D:4      | Noticed Pikel
  1193 | D:4      | Killed Pikel
  1193 | D:4      | Reached skill level 8 in Axes
  1193 | D:4      | Reached XP level 8. HP: 40/63 MP: 8/8
  1194 | D:4      | Noticed Natasha
  1201 | D:4      | Killed Natasha
  1206 | D:4      | Found a shattered altar of Ashenzari.
  1207 | D:4      | Found a sparkling altar of Nemelex Xobeh.
  1208 | D:4      | Found a hide-covered altar of Uskayaw.
  1220 | D:5      | Entered Level 5 of the Dungeon
  1389 | D:5      | Reached skill level 9 in Axes
  1487 | D:5      | Noticed Eustachio
  1496 | D:5      | Killed Eustachio
  1567 | D:6      | Found Uremurr's Antique Armour Shoppe.
  1573 | D:6      | Found Ygretuv's Gadget Boutique.
  1730 | D:6      | Reached XP level 9. HP: 28/69 MP: 9/9
  1739 | D:6      | Got an encrusted long sword
  1744 | D:6      | Identified the +4 long sword "Lovveuph" {venom, rF- rC+ rN+ MR++} (You found it on level 6 of the Dungeon)
  1812 | D:6      | Found Geskuj's Distillery.
  1813 | D:6      | Found Josh's Distillery.
  1836 | D:6      | Found Jaresh's Distillery.
  1861 | D:6      | Reached *** piety under Trog
  1995 | D:6      | Found a sand-covered staircase.
  2002 | Ossuary  | Entered an ossuary
  2275 | D:6      | Bought a potion of heal wounds for 60 gold pieces
  2275 | D:6      | Bought a potion of might for 48 gold pieces
  2460 | D:6      | Bought a potion of degeneration for 12 gold pieces
  2538 | D:7      | Noticed p0werm0de's ghost (novice VSSu)
  2550 | D:7      | Found a transporter.
  2558 | D:7      | Found a transporter.
  2572 | D:7      | Cast into level 2 of the Abyss (p0werm0de's ghost)
  2625 | Abyss:3  | Noticed a quicksilver dragon
  2641 | Abyss:3  | Killed from afar by a quicksilver dragon

Skill      XL: |  1  2  3  4  5  6  7  8  9 |
---------------+----------------------------+-----
Axes           | 3 5 6 8 9 |  9.2
Throwing       | 1 3 4 |  4.2
Dodging        | 4 |  4.5
Armour         | 2 4 |  4.2
Fighting       | |  3.0

Action                   |  1- 3 |  4- 6 |  7- 9 || total
-------------------------+-------+-------+-------++-------
Melee: Hand axe          |    30 |       |       ||    30
       Kick              |    11 |     8 |    48 ||    67
       War axe           |    43 |    28 |    62 ||   133
       Dire flail        |       |       |   114 ||   114
       Battleaxe         |       |       |    15 ||    15
Invok: Berserk           |     3 |     4 |     6 ||    13
       Trog's Hand       |       |       |     5 ||     5
  Use: Scroll            |       |     6 |     4 ||    10
       Potion            |       |       |     2 ||     2
  Eat: Chunk             |       |     5 |    12 ||    17
Armor: Animal skin       |    55 |       |       ||    55
       Ring mail         |       |     9 |    31 ||    40
       Leather armour    |       |       |    28 ||    28
Dodge: Dodged            |    56 |    14 |    86 ||   156
